 Dungeon Crawl Stone Soup version 0.20.0-15-g7f486f2 (webtiles) character file.

94923 nikopol the Severer (level 16, -6/144 (145) HPs)
             Began as a Hill Orc Fighter on June 6, 2017.
             Was the Champion of Okawaru.
             Mangled by an enormous slime creature (64 damage)
             ... on level 13 of the Dungeon on June 10, 2017.
             The game lasted 01:28:56 (27899 turns).

nikopol the Severer (Hill Orc Fighter)             Turns: 27899, Time: 01:28:57

HP:   -6/144 (145)  AC: 24    Str: 26    XL:     16   Next: 12%
MP:   23/24         EV: 14    Int:  8    God:    Okawaru [******]
Gold: 1734          SH: 22    Dex: 21    Spells: 21/26 levels left

rFire    + . .     SeeInvis .   C - +5 war axe (flame)
rCold    . . .     Gourm    .   c - +1 shield
rNeg     + . .     Faith    .   i - +1 plate armour {MR+}
rPois    +         Spirit   .   u - +2 helmet "Mexer" {Dex+2}
rElec    .         Reflect  +   I - scarf {repulsion}
rCorr    .         Harm     .   (no gloves)
MR       ++...                  a - +0 pair of boots of Agoraphobia {rN+ Dex+9}
Stlth    ..........             p - +4 amulet of reflection
Regen    0.4/turn               w - ring of protection from fire
MPRegen  0.2/turn               R - ring of poison resistance

@: heroism, repel missiles
A: no striking features
a: Heroism, Finesse, Renounce Religion


You were on level 13 of the Dungeon.
You worshipped Okawaru.
Okawaru was exalted by your worship.
You were hungry.

You visited 4 branches of the dungeon, and saw 23 of its levels.
You also visited: Labyrinth.

You collected 2202 gold pieces.
You spent 468 gold pieces at shops.

Inventory:

Hand Weapons
 C - a +5 war axe of flaming (weapon)
Armour
 a - the +0 pair of boots of Agoraphobia (worn) {rN+ Dex+9}
   (Okawaru gifted it to you on level 6 of the Lair of Beasts)

   It affects your dexterity (+9).
   It protects you from negative energy.
 c - a +1 shield (worn)
 i - a +1 plate armour of magic resistance (worn)
 u - the +2 helmet "Mexer" (worn) {Dex+2}
   (You found it on level 12 of the Dungeon)

   It affects your dexterity (+2).
 x - a +0 cloak
 I - a scarf of repulsion (worn)
Jewellery
 p - a +4 amulet of reflection (around neck)
 w - a ring of protection from fire (left hand)
 R - a ring of poison resistance (right hand)
 S - an uncursed ring of see invisible {unknown}
Wands
 b - a wand of iceblast (4/15)
 d - a wand of digging (8/24)
 m - a wand of flame (9/48)
 E - a wand of enslavement (15/24)
 M - a wand of acid (6/15)
 N - a wand of confusion (20/48)
 P - a wand of lightning (13/15)
 V - a wand of paralysis (9/24)
Scrolls
 g - 7 scrolls of teleportation
 j - 3 scrolls of recharging
 n - 4 scrolls of enchant weapon
 r - 4 scrolls of blinking
 s - 6 scrolls of remove curse
 v - a scroll of silence {unknown}
 y - 4 scrolls of amnesia
 A - 4 scrolls of enchant armour
 F - 3 scrolls of fear
 T - a scroll of magic mapping {unknown}
 X - a scroll of fog
Potions
 e - 3 potions of brilliance
 k - 3 potions of cancellation
 o - 3 potions of flight
 t - 2 potions of berserk rage
 z - 2 potions of haste
 G - a potion of agility
 H - 6 potions of curing
 J - 3 potions of resistance
 K - 7 potions of heal wounds
 L - 4 potions of magic
 O - a potion of might
Books
 B - a book of Conjurations

   Spells                             Type                      Level
   a - Magic Dart                     Conjuration                  1
   b - Searing Ray                    Conjuration                  2
   c - Dazzling Spray                 Conjuration/Hexes            3
   d - Fulminant Prism                Conjuration/Hexes            4
   e - Force Lance                    Conjuration/Translocation    4
   f - Iskenderun's Mystic Blast      Conjuration                  4
Miscellaneous
 q - a lightning rod (4/4)
Comestibles
 f - 12 bread rations
 h - 7 meat rations
 l - 9 royal jellies
 D - 45 fruits
 Q - 14 chunks of flesh


   Skills:
 + Level 13.7(18.7) Fighting
 + Level 18.2(23.2) Axes
 + Level 13.0(18.0) Armour
 + Level 3.6(8.6) Dodging
 + Level 1.4(6.4) Stealth
 + Level 14.3(19.3) Shields
 + Level 5.9 Spellcasting
 + Level 7.0 Translocations
 + Level 1.1 Invocations
 + Level 1.4 Evocations


You had 21 spell levels left.
You knew the following spells:

 Your Spells              Type           Power        Failure   Level  Hunger
a - Blink                 Tloc           N/A          11%         2    ##.....
b - Lesser Beckoning      Tloc           ##........   22%         3    ###....


Dungeon Overview and Level Annotations

Branches:
Dungeon (14/15) Temple (1/1) D:7 Lair (6/6) D:10 Shoals (0/4) Lair:4 Snake (0/4) Lair:4 Slime (0/5) Lair:6 Orc (2/2) D:10 Elf (0/3) Orc:2 Vaults (0/5) D:13 D:14

Altars:
Ashenzari
Cheibriados
Dithmenos
Elyvilon
Fedhas
Gozag
Hepliaklqana
Kikubaaqudgha
Makhleb
Nemelex Xobeh
Okawaru
Qazlal
Ru
Sif Muna
Trog
Uskayaw
Vehumet
Xom
Yredelemnul
Zin
The Shining One
Beogh
Jiyva

Shops:
D:9 %   D:11 %   D:13 *   Orc:2 *!:?[

Portals:
Pandemonium: Orc:2


Message History

You hit the soldier ant. You burn the soldier ant.
You open the enormous slime creature like a pillowcase!!!
You burn the enormous slime creature.
The enormous slime creature is severely wounded.
You barely miss the soldier ant. The soldier ant closely misses you.
You block the enormous slime creature's attack.
You slash the enormous slime creature! You burn the enormous slime creature.
The enormous slime creature is severely wounded.
You barely miss the soldier ant. You block the soldier ant's attack.
The enormous slime creature closely misses you.
You slice the enormous slime creature!! You burn the enormous slime creature.
The enormous slime creature is severely wounded.
You hit the soldier ant. You burn the soldier ant.
You block the soldier ant's attack.
You open the enormous slime creature like a pillowcase!!!
You burn the enormous slime creature.
The enormous slime creature is almost dead.
You slash the soldier ant! You burn the soldier ant.
The enormous slime creature hits you!!!
You die...

### ############.#
#............#
#.##########.# #.# #.#
#.# #.# #.# #.#
###.##########Y#######
..............pa@J...#
##############.#####.#
.....# #.# #.#
####.####### #.#####.#
...........###.#.....#
.###.#####..........##
.# #.# #......#.##.#
.# #.# #....###.##.#
.# #.#####...# #.##.#


You could see an enormous slime creature, a yak, a soldier ant and a human.

Vanquished Creatures
  A stone giant (Orc:1)
  Snorg (Lair:3)
  Fannar (Lair:3)
  A minotaur (Lab)
  5 hydras
  2 catoblepae
  2 centaur warriors
  8 death yaks
  8 two-headed ogres
  Urug (Orc:1)
  4 orc high priests (Orc:2)
  A soul eater (Orc:2)
  A sixfirhy (Orc:2)
  A torturous demonspawn (Orc:2)
  An infernal demonspawn (Orc:2)
  5 unseen horrors
  A gelid demonspawn (Orc:2)
  2 deep elf magi
  An ugly thing (D:13)
  8 orc sorcerers
  8 orc knights
  2 cyclopes
  2 manticores (D:12)
  6 elephants (Lair:6)
  3 merfolk sirens (Lair:4)
  The ghost of ThereIsNoGod the Basher, a novice GrFi (D:5)
  A rust devil (Orc:2)
  2 black mambas (Lair:4)
  10 spiny frogs
  2 orange demons (Orc:2)
  A centaur skeleton (D:10)
  3 rime drakes
  10 komodo dragons
  3 trolls
  A hellwing (Orc:2)
  A merfolk (Lair:4)
  5 polar bears
  A minotaur zombie (Lab)
  5 hornets
  33 blink frogs
  A slime creature (D:13)
  13 hippogriffs
  22 dream sheep
  2 shadows
  15 spriggans
  2 wyverns
  15 humans (D:13)
  7 basilisks
  41 yaks
  4 vampire mosquitoes (D:12)
  A hungry ghost (D:9)
  4 wargs
  17 water moccasins
  An acid dragon (D:12)
  11 porcupines
  2 ice beasts (D:10)
  33 orc warriors
  6 sky beasts
  8 black bears
  A necrophage (D:8)
  10 ogres
  An eye of draining (shapeshifter) (D:13)
  A hornet zombie (D:8)
  4 boggarts (Lair:6)
  15 wolves
  8 centaurs
  14 crocodiles
  4 big kobolds
  2 gnoll sergeants
  22 bullfrogs
  A scorpion (D:4)
  9 killer bees
  5 wights
  A vampire bat (D:10)
  2 electric eels
  4 howler monkeys
  2 bullfrog zombies
  5 crimson imps
  7 hounds
  3 jellies
  A quasit (D:12)
  24 orc priests
  A bullfrog skeleton (D:8)
  9 hell rats
  7 iguanas
  19 orc wizards
  9 worker ants
  2 hound skeletons
  A howler monkey zombie (D:7)
  A worker ant zombie (D:10)
  4 gnolls (D:10)
  16 adders
  5 river rats (Lair:4)
  A shadow imp (D:8)
  2 oozes
  An adder skeleton (D:8)
  2 worms
  2 dart slugs
  A leopard gecko (D:4)
  89 orcs
  2 ball pythons
  3 giant cockroaches
  3 goblins
  10 hobgoblins
  20 jackals
  3 quokkas
  9 bats
  3 frilled lizards
  8 kobolds
  A quokka skeleton (D:5)
  10 rats
  10 fungi
  8 plants
768 creatures vanquished.

Vanquished Creatures (others)
  A centaur (D:5)
  A water moccasin skeleton (D:10)
  2 orcs
  20 fungi
  5 plants
29 creatures vanquished.

Grand Total: 797 creatures vanquished

Notes
Turn   | Place    | Note
-------+----------+-------------------------------------------
     0 | D:1      | nikopol the Hill Orc Fighter began the quest for the Orb.
     0 | D:1      | Reached XP level 1. HP: 19/19 MP: 1/1
    98 | D:1      | Reached XP level 2. HP: 24/27 MP: 2/2
   129 | D:1      | Reached skill level 3 in Axes
   657 | D:2      | Reached XP level 3. HP: 26/33 MP: 3/3
  1315 | D:2      | Reached XP level 4. HP: 40/40 MP: 4/4
  1326 | D:3      | Reached skill level 4 in Axes
  1690 | D:3      | Found a blossoming altar of Fedhas.
  1695 | D:3      | Learned a level 2 spell: Blink
  1790 | D:3      | Reached XP level 5. HP: 46/46 MP: 5/5
  1805 | D:4      | Found a sparkling altar of Nemelex Xobeh.
  1913 | D:4      | Reached skill level 5 in Axes
  2266 | D:4      | Found a burning altar of Makhleb.
  2385 | D:4      | Reached XP level 6. HP: 45/52 MP: 6/6
  2457 | D:4      | Reached skill level 6 in Axes
  2834 | D:5      | Entered Level 5 of the Dungeon
  2856 | D:5      | Reached skill level 1 in Dodging
  2903 | D:5      | Reached skill level 5 in Armour
  2903 | D:5      | Reached XP level 7. HP: 40/60 MP: 7/7
  3134 | D:6      | Found a hide-covered altar of Uskayaw.
  3486 | D:5      | Found a shattered altar of Ashenzari.
  3491 | D:5      | Reached skill level 7 in Axes
  3527 | D:5      | Noticed ThereIsNoGod's ghost (novice GrFi)
  3537 | D:5      | Killed ThereIsNoGod's ghost
  3537 | D:5      | Reached skill level 5 in Fighting
  3537 | D:5      | Reached skill level 9 in Axes
  3537 | D:5      | Reached skill level 5 in Shields
  3537 | D:5      | Reached XP level 8. HP: 52/68 MP: 8/8
  4248 | D:5      | Found a hazy altar of Hepliaklqana.
  4431 | D:7      | Reached skill level 10 in Axes
  4489 | D:7      | Found a sand-covered staircase.
  4621 | D:7      | Found a staircase to the Ecumenical Temple.
  4632 | Temple   | Entered the Ecumenical Temple
  5265 | D:8      | Found a white marble altar of Elyvilon.
  5272 | D:8      | Reached XP level 9. HP: 69/73 MP: 9/9
  5281 | D:8      | Reached skill level 11 in Axes
  5352 | D:8      | Found an iron altar of Okawaru.
  5367 | D:8      | Became a worshipper of Warmaster Okawaru
  5474 | D:8      | Reached skill level 1 in Stealth
  5745 | D:8      | Found a snail-covered altar of Cheibriados.
  5835 | D:8      | Reached skill level 12 in Axes
  5938 | D:8      | Found a glowing silver altar of Zin.
  6140 | D:9      | Found Kumar's Food Shop.
  6152 | D:9      | Reached * piety under Okawaru
  6183 | D:9      | Noticed a troll
  6197 | D:9      | HP: 2/74 [troll (4)]
  6198 | D:9      | Killed a troll
  6198 | D:9      | Reached skill level 1 in Spellcasting
  6810 | D:9      | Noticed a two-headed ogre
  6823 | D:9      | Killed a two-headed ogre
  6823 | D:9      | Reached ** piety under Okawaru
  6823 | D:9      | Reached XP level 10. HP: 74/83 MP: 12/12
  7540 | D:9      | Reached *** piety under Okawaru
  7670 | D:10     | Entered Level 10 of the Dungeon
  7683 | D:10     | Reached skill level 13 in Axes
  8241 | D:10     | Found a staircase to the Lair.
  8312 | D:10     | Found a roughly hewn altar of Beogh.
  8312 | D:10     | Found a staircase to the Orcish Mines.
  8684 | D:10     | Reached XP level 11. HP: 91/91 MP: 15/15
  8708 | D:10     | Reached **** piety under Okawaru
  8798 | D:10     | Noticed a two-headed ogre
  8806 | D:10     | Killed a two-headed ogre
  8977 | D:10     | Reached ***** piety under Okawaru
  8978 | D:10     | Reached skill level 14 in Axes
  9627 | D:11     | Found Geosoenei's Food Shoppe.
  9724 | D:11     | Noticed a two-headed ogre
  9730 | D:11     | Killed a two-headed ogre
  9730 | D:11     | Received a gift from Okawaru
  9830 | D:11     | Killed an unseen horror
  9871 | D:11     | Found a labyrinth entrance.
  9876 | Lab      | Entered a labyrinth
 10520 | Lab      | Upgraded the game from 0.20.0-10-g0535bb4 to 0.20.0-15-g7f486f2
 10773 | Lab      | Noticed a minotaur
 10782 | Lab      | Killed a minotaur
 10917 | Lab      | Got a transparent plate armour
 10979 | D:11     | Identified the +0 plate armour of Birdsong {Str+2} (You found it in a labyrinth)
 11221 | Lair:1   | Entered Level 1 of the Lair of Beasts
 11254 | Lair:1   | Reached XP level 12. HP: 94/102 MP: 18/18
 11369 | Lair:1   | Reached skill level 5 in Translocations
 13474 | Lair:2   | Reached skill level 15 in Axes
 14501 | Lair:3   | Received a gift from Okawaru
 14501 | Lair:3   | Reached skill level 5 in Spellcasting
 14632 | Lair:3   | Noticed Fannar
 14633 | Lair:3   | Noticed Snorg
 14650 | Lair:3   | Killed Snorg
 14652 | Lair:3   | Killed Fannar
 14652 | Lair:3   | Reached ****** piety under Okawaru
 14817 | Lair:3   | Reached XP level 13. HP: 110/110 MP: 20/20
 15376 | Lair:4   | Found a staircase to the Shoals.
 15393 | Lair:4   | Received a gift from Okawaru
 15612 | Lair:4   | Reached skill level 10 in Shields
 15732 | Lair:4   | Found a staircase to the Snake Pit.
 16634 | Lair:5   | Reached skill level 10 in Armour
 16797 | Lair:5   | Reached skill level 16 in Axes
 16805 | Lair:5   | Reached skill level 10 in Fighting
 17112 | Lair:5   | Reached skill level 1 in Evocations
 17135 | Lair:5   | Received a gift from Okawaru
 17782 | Lair:6   | Entered Level 6 of the Lair of Beasts
 17907 | Lair:6   | Reached XP level 14. HP: 86/121 MP: 22/22
 18189 | Lair:6   | Received a gift from Okawaru
 18642 | Lair:6   | Found a viscous altar of Jiyva.
 18651 | Lair:6   | Found a staircase to the Slime Pits.
 18993 | Lair:6   | Received a gift from Okawaru
 19168 | Lair:6   | Learned a level 3 spell: Lesser Beckoning
 20015 | Lair:6   | Got a clouded bone amulet
 20017 | Lair:6   | Identified the amulet of Sanel {RegenMP +Blink rElec Str+4 Dex-4} (You found it on level 6 of the Lair of Beasts)
 20067 | Lair:6   | Reached skill level 17 in Axes
 20075 | Lair:6   | Received a gift from Okawaru
 20084 | Lair:6   | Got a pair of pitted boots {god gift}
 20102 | Lair:6   | Identified the +0 pair of boots of Agoraphobia {rN+ Dex+9} (Okawaru gifted it to you on level 6 of the Lair of Beasts)
 21290 | Orc:1    | Entered Level 1 of the Orcish Mines
 21356 | Orc:1    | Noticed Urug
 21358 | Orc:1    | Found a roughly hewn altar of Beogh.
 21384 | Orc:1    | Killed Urug
 21875 | D:10     | Reached XP level 15. HP: 131/133 MP: 23/23
 22548 | Orc:1    | Reached skill level 1 in Invocations
 22617 | Orc:2    | Entered Level 2 of the Orcish Mines
 22768 | Orc:2    | Found Xianivume's Assorted Antiques.
 22779 | Orc:2    | Bought a scroll of enchant weapon for 150 gold pieces
 22779 | Orc:2    | Bought 3 scrolls of identify for 120 gold pieces
 22825 | Orc:2    | Found a staircase to the Elven Halls.
 22961 | Orc:2    | Bought a scroll of identify for 40 gold pieces
 23153 | Orc:2    | Found Ciraif's Distillery.
 23182 | Orc:2    | Found Asicimas's Magic Scroll Shoppe.
 23605 | Orc:2    | Bought 2 potions of heal wounds for 110 gold pieces
 23607 | Orc:2    | Bought a scroll of teleportation for 48 gold pieces
 23637 | Orc:2    | Received a gift from Okawaru
 25181 | Orc:2    | Paralysed by an orc sorcerer for 5 turns
 25199 | Orc:2    | Found Zoiwn's Book Shop.
 25199 | Orc:2    | Found Hipp's Antique Armour Boutique.
 25199 | Orc:2    | Found a one-way gate leading to the halls of Pandemonium.
 25778 | D:12     | Got a transparent helmet
 25789 | D:12     | Identified the +2 helmet "Mexer" {Dex+2} (You found it on level 12 of the Dungeon)
 26008 | D:12     | Found a shimmering altar of Xom.
 26437 | D:12     | Received a gift from Okawaru
 26509 | D:12     | Reached skill level 18 in Axes
 27304 | D:13     | Found Xoelar's Blood Bar.
 27435 | D:13     | Reached XP level 16. HP: 136/143 MP: 24/24
 27731 | D:14     | Found a gate to the Vaults.
 27899 | D:13     | Mangled by an enormous slime creature

Skill      XL: |  1  2  3  4  5  6  7  8  9 10 11 12 13 14 15 16 |
---------------+-------------------------------------------------+-----
Axes           | 3 4 5 6 9 10 12 13 14 15 16 17 18 | 18.2
Fighting       | 4 5 6 7 8 9 10 12 13 | 13.7
Armour         | 4 5 6 7 8 9 10 11 12 13 | 13.0
Shields        | 4 5 7 8 9 11 12 14 | 14.3
Dodging        | 1 2 3 |  3.6
Stealth        | 1 |  1.4
Spellcasting   | 1 2 4 5 |  5.9
Translocations | 2 3 4 6 7 |  7.0
Evocations     | 1 |  1.4
Invocations    | 1 |  1.1

Action                   |  1- 3 |  4- 6 |  7- 9 | 10-12 | 13-15 | 16-18 || total
-------------------------+-------+-------+-------+-------+-------+-------++-------
Melee: War axe           |    49 |   104 |   182 |   522 |  1451 |    76 ||  2384
       Hand axe          |    69 |    50 |       |       |       |       ||   119
 Cast: Blink             |       |       |       |       |     4 |       ||     4
Invok: Heroism           |       |       |       |     3 |     6 |     1 ||    10
Evoke: Wand              |       |       |       |     3 |     8 |       ||    11
  Use: Scroll            |       |       |    16 |     6 |     7 |       ||    29
       Potion            |       |       |     2 |       |       |       ||     2
  Eat: Chunk             |     1 |     5 |    11 |    21 |    40 |     1 ||    79
       Fruit             |       |       |     3 |     2 |     1 |       ||     6
       Royal jelly       |       |       |       |     2 |       |       ||     2
Armor: Scale mail        |    53 |    72 |    56 |    65 |       |       ||   246
       Plate armour      |       |       |       |   120 |   412 |    30 ||   562
Dodge: Dodged            |    27 |    41 |    40 |    78 |   178 |    20 ||   384
Block: Shield            |    65 |    56 |   142 |   326 |   955 |    70 ||  1614
       Reflection        |       |       |    15 |     7 |    24 |     1 ||    47
